 Dungeon Crawl Stone Soup version 0.23-a0-208-gb6b040f31c (webtiles) character file.

46904 PikkenKukken the Nimble (level 14, -4/108 (110) HPs)
             Began as a Gnoll Gladiator on Sept 25, 2018.
             Was the Champion of Okawaru.
             Splashed by an acid blob's acid (12 damage)
             ... on level 6 of the Lair of Beasts.
             The game lasted 01:04:54 (18250 turns).

PikkenKukken the Nimble (Gnoll Gladiator)          Turns: 18250, Time: 01:04:55

HP:   -4/108 (110)  AC: 15    Str: 22    XL:     14   Next: 39%
MP:   17/27         EV: 26    Int: 14    God:    Okawaru [******]
Gold: 929           SH:  4    Dex: 24    Spells: 24/31 levels left

rFire    . . .     SeeInvis .   a - +4 dagger of Uncomfortable Rashes {pierce, rPois Int+2 Dex+5}
rCold    . . .     Gourm    .   (no shield)
rNeg     . . .     Faith    .   O - quicksilver dragon scales
rPois    +         Spirit   .   N - +1 helmet
rElec    .         Reflect  +   P - +2 cloak
rCorr    .         Harm     .   z - +2 pair of gloves of Creativity {*Contam Slay+4}
MR       ++...                  C - +1 pair of boots (curse)
Stlth    +++++++...             m - +4 amulet of reflection
HPRegen  0.28/turn              q - ring of stealth
MPRegen  0.20/turn              v - +4 ring of strength

@: heroism, finesse, corroded, very slightly contaminated, invisible
A: distributed training, fangs 1, strong nose
a: Heroism, Finesse, Renounce Religion


You were on level 6 of the Lair of Beasts.
You worshipped Okawaru.
Okawaru was exalted by your worship.
You were hungry.

You visited 3 branches of the dungeon, and saw 19 of its levels.

You collected 929 gold pieces.

Inventory:

Hand Weapons
 a - the +4 dagger of Uncomfortable Rashes (weapon) {pierce, rPois Int+2 Dex+5}
   (You found it on level 10 of the Dungeon)

   It inflicts extra damage upon your enemies.
   It affects your intelligence (+2).
   It affects your dexterity (+5).
   It protects you from poison.
 b - a +3 longbow of freezing
Missiles
 c - 220 arrows
 d - 2 throwing nets (quivered)
Armour
 s - a scarf of resistance
 z - the +2 pair of gloves of Creativity (worn) {*Contam Slay+4}
   (You acquired it on level 6 of the Dungeon)

   It affects your accuracy and damage with ranged weapons and melee attacks
   (+4).
   It causes magical contamination when unequipped.
 C - a cursed +1 pair of boots (worn)
 N - a +1 helmet (worn)
 O - quicksilver dragon scales (worn)
 P - a +2 cloak (worn)
Jewellery
 e - an uncursed ring of protection from cold
 m - a +4 amulet of reflection (around neck)
 q - a ring of stealth (left hand)
 v - a +4 ring of strength (right hand)
 x - an uncursed ring of flight
 D - an uncursed ring of magical power
Wands
 p - a wand of random effects (85)
 r - a wand of scattershot (5)
 y - a wand of flame (32)
 I - a wand of disintegration (18)
 K - a wand of acid (7)
Scrolls
 k - 8 scrolls of fog
 n - 5 scrolls of remove curse
 u - a scroll of enchant weapon
 E - 3 scrolls of amnesia
 G - a scroll of teleportation
 L - 2 scrolls of enchant armour
 M - 3 scrolls of identify
 S - 2 scrolls of fear
 T - 2 scrolls of magic mapping
Potions
 g - a potion of berserk rage {unknown}
 h - 2 potions of resistance
 i - 2 potions of magic
 j - 5 potions of curing
 l - 2 potions of cancellation
 o - 3 potions of brilliance {unknown}
 t - 2 potions of haste
 w - 2 potions of invisibility
 A - 4 potions of lignification
 F - 2 potions of flight {unknown}
 H - a potion of might
 J - 3 potions of agility {unknown}
 R - a potion of heal wounds {unknown}
Comestibles
 f - 22 rations


   Skills:
 + Level 10.1(15.1) Fighting
 + Level 11.0(16.0) Short Blades
 + Level 9.0(14.0) Long Blades
 + Level 9.0(14.0) Axes
 + Level 9.0(14.0) Maces & Flails
 + Level 9.0(14.0) Polearms
 + Level 9.0(14.0) Staves
 + Level 9.0(14.0) Slings
 + Level 9.0(14.0) Bows
 + Level 9.0(14.0) Crossbows
 + Level 10.1(15.1) Throwing
 + Level 9.0(14.0) Armour
 + Level 11.0(16.0) Dodging
 + Level 9.0(14.0) Stealth
 + Level 9.0(14.0) Shields
 + Level 9.0(14.0) Unarmed Combat
 + Level 9.0 Spellcasting
 + Level 7.5 Conjurations
 + Level 7.5 Hexes
 + Level 7.5 Charms
 + Level 7.5 Summonings
 + Level 7.5 Necromancy
 + Level 7.5 Translocations
 + Level 7.5 Transmutations
 + Level 7.5 Fire Magic
 + Level 7.5 Ice Magic
 + Level 7.5 Air Magic
 + Level 7.5 Earth Magic
 + Level 7.5 Poison Magic
 + Level 9.8 Invocations
 + Level 9.0 Evocations


You had 24 spell levels left.
You knew the following spells:

 Your Spells              Type           Power        Failure   Level  Hunger
a - Regeneration          Chrm/Necr      ####......   2%          3    ##.....
b - Summon Lightning Spi  Summ/Air       ####....     8%          4    ####...

Your spell library contained the following spells:

 Spells                   Type           Power        Failure   Level  Hunger
 Infusion                 Chrm           ####         1%          1    None
 Shock                    Conj/Air       ####         1%          1    None
 Summon Small Mammal      Summ           ####         1%          1    None
 Call Imp                 Summ           ####....     1%          2    None
 Shroud of Golubria       Chrm/Tloc      ####......   1%          2    None
 Song of Slaying          Chrm           ####....     1%          2    None
 Swiftness                Chrm/Air       ####....     1%          2    None
 Call Canine Familiar     Summ           ####....     2%          3    ##.....
 Recall                   Summ/Tloc      N/A          2%          3    ##.....
 Spectral Weapon          Hex/Chrm       ####....     2%          3    ##.....
 Static Discharge         Conj/Air       ####....     2%          3    ##.....
 Summon Guardian Golem    Hex/Summ       ####....     2%          3    ##.....
 Airstrike                Air            ####......   8%          4    ####...
 Summon Ice Beast         Ice/Summ       ####....     8%          4    ####...
 Aura of Abjuration       Summ           ####......   21%         5    #####..
 Irradiate                Conj/Tmut      ####......   21%         5    #####..
 Lightning Bolt           Conj/Air       ####......   21%         5    #####..
 Summon Demon             Summ           ####......   21%         5    #####..
 Summon Forest            Summ/Tloc      ####......   21%         5    #####..
 Summon Mana Viper        Hex/Summ       ####....     21%         5    #####..
 Hydra Form               Tmut           ####......   75%         6    #######
 Shadow Creatures         Summ           N/A          75%         6    #######
 Statue Form              Tmut/Erth      ####.....    75%         6    #######
 Dragon Form              Tmut           ####......   99%         7    #######


Dungeon Overview and Level Annotations

Branches:
Dungeon (12/15)            Temple (1/1) D:5            Lair (6/6) D:11
 Shoals (0/4) Lair:3        Snake (0/4) Lair:3        Slime (0/5) Lair:6
    Orc (0/2) D:10

Altars:
Ashenzari
Cheibriados
Elyvilon
Fedhas
Gozag
Hepliaklqana
Kikubaaqudgha
Makhleb
Nemelex Xobeh
Okawaru
Qazlal
Ru
Sif Muna
Trog
Uskayaw
Vehumet
Wu Jian
Xom
Yredelemnul
Zin
The Shining One
Jiyva

Shops:
D:10 :

Annotations:
D:9 1 transporter
Lair:2 2 transporters


Innate Abilities, Weirdness & Mutations

Your experience applies equally to all skills.
You have very sharp teeth.
Your uncanny sense of smell can sniff out nearby items.


Message History

You barely miss the acid blob.
The acid blob is heavily wounded.
You hit the acid blob.
Your hands burn!
* * * LOW HITPOINT WARNING * * *
The acid blob is heavily wounded.
You hit the acid blob.
Your hands burn!
* * * LOW HITPOINT WARNING * * *
You punch the acid blob!
You bite the acid blob, but do no damage.
The acid blob is almost dead.
The acid blob spits acid at you. The splash of acid hits you!
* * * LOW HITPOINT WARNING * * *
The acid corrodes you!
You are splashed with acid!
The acid burns!
* * * LOW HITPOINT WARNING * * *
The acid blob spits acid at you. The splash of acid hits you!
* * * LOW HITPOINT WARNING * * *
You are splashed with acid!
The acid burns!
You die...

....P ......###### #### . .....
###..#...#..######P$##
......P##.#...........#......#
.P....P........[..........#..#
.#P...PP.....#..........###..#...
#...(...PP...##...##...###...#...
.#.###.#.....#....###### #.)##...
##..#P.............### #####.#P
.#..#..........รท@.J..#########...
#..#......<.........).....#PP....
...........##.....8..............
...........P#.....#.#............
#...##......#.##P#.##.....#.#)...
##..#......##.#######....###.....
#..........#..#..#########......
##......................#P......
###..#.....#......#_.....#.......


You could see an acid blob and a friendly lightning spire.

Vanquished Creatures
  Gastronok (Lair:1)
  A death ooze (Lair:5)
  A great orb of eyes (Lair:6)
  A catoblepas (Lair:6)
  2 hydras
  3 two-headed ogres
  4 death yaks (Lair:5)
  2 tengu warriors (D:10)
  Nergalle (D:10)
  A lindwurm (Lair:1)
  A wizard (D:10)
  An ugly thing (D:10)
  An oklob plant (Lair:4)
  A manticore (D:11)
  3 black mambas
  2 merfolk sirens (Lair:3)
  15 spiny frogs
  5 komodo dragons
  2 merfolk (Lair:3)
  3 trolls (D:11)
  2 slime creatures (Lair:6)
  4 blink frogs
  A polar bear (Lair:4)
  9 hippogriffs
  3 wraiths (D:8)
  4 wyverns
  44 yaks
  4 basilisks
  14 water moccasins
  2 black bears
  2 ice beasts
  8 orc warriors
  14 porcupines
  3 phantoms
  A sky beast (D:11)
  5 necrophages
  19 wolves
  4 ogres
  4 centaurs
  7 crocodiles
  Blork the orc (D:4)
  7 bullfrogs
  2 scorpions
  3 killer bees (D:10)
  A wight (D:10)
  4 howler monkeys
  2 centaur zombies
  11 crimson imps
  5 hounds
  2 human zombies (D:8)
  18 jellies
  9 orc priests
  16 orc wizards
  4 bullfrog skeletons
  Natasha (thrice) (D:3)
  2 iguanas
  10 worker ants
  A killer bee zombie (D:10)
  An ogre zombie (D:8)
  A hound zombie (D:8)
  3 mummies (D:8)
  A worker ant zombie (D:5)
  4 gnolls
  12 adders
  A howler monkey skeleton (D:5)
  A shadow imp (D:8)
  8 oozes
  An adder skeleton (D:5)
  An adder zombie (D:8)
  3 worms
  11 dart slugs
  4 leopard geckos
  40 orcs
  4 ball pythons
  5 giant cockroaches
  6 hobgoblins
  13 jackals
  8 quokkas
  8 bats
  8 frilled lizards
  2 goblins (D:3)
  A jackal skeleton (D:5)
  3 kobolds
  A quokka skeleton (D:7)
  5 rats
  A fungus (Lair:5)
  2 plants
465 creatures vanquished.

Vanquished Creatures (collateral kills)
  An acid blob (Lair:6)
  A death ooze (Lair:6)
  A hydra (Lair:3)
  2 death yaks (Lair:5)
  A komodo dragon (Lair:5)
  3 blink frogs
  A yak (Lair:5)
  A wolf (Lair:4)
  4 jellies (Lair:6)
  2 adders (Lair:3)
17 creatures vanquished.

Vanquished Creatures (others)
  4 fungi
  6 plants
10 creatures vanquished.

Grand Total: 492 creatures vanquished

Notes
Turn   | Place    | Note
-------+----------+-------------------------------------------
     0 | D:1      | PikkenKukken the Gnoll Gladiator began the quest for the
                  | Orb.
     0 | D:1      | Reached XP level 1. HP: 20/20 MP: 1/1
   179 | D:1      | Reached XP level 2. HP: 26/26 MP: 2/2
   575 | D:1      | Reached XP level 3. HP: 31/31 MP: 3/3
   973 | D:2      | Reached skill level 1 in Invocations
  1627 | D:2      | Reached skill level 1 in Long Blades
  1627 | D:2      | Reached skill level 1 in Axes
  1627 | D:2      | Reached skill level 1 in Maces & Flails
  1627 | D:2      | Reached skill level 1 in Polearms
  1627 | D:2      | Reached skill level 1 in Staves
  1627 | D:2      | Reached skill level 1 in Slings
  1627 | D:2      | Reached skill level 1 in Bows
  1627 | D:2      | Reached skill level 1 in Crossbows
  1627 | D:2      | Reached skill level 1 in Armour
  1627 | D:2      | Reached skill level 1 in Stealth
  1627 | D:2      | Reached skill level 1 in Shields
  1627 | D:2      | Reached skill level 1 in Unarmed Combat
  1627 | D:2      | Reached skill level 1 in Spellcasting
  1627 | D:2      | Reached skill level 1 in Evocations
  1627 | D:2      | Reached XP level 4. HP: 36/38 MP: 5/5
  2190 | D:3      | Noticed Natasha
  2209 | D:3      | Killed Natasha
  2209 | D:3      | Reached skill level 1 in Conjurations
  2209 | D:3      | Reached skill level 1 in Hexes
  2209 | D:3      | Reached skill level 1 in Charms
  2209 | D:3      | Reached skill level 1 in Summonings
  2209 | D:3      | Reached skill level 1 in Necromancy
  2209 | D:3      | Reached skill level 1 in Translocations
  2209 | D:3      | Reached skill level 1 in Transmutations
  2209 | D:3      | Reached skill level 1 in Fire Magic
  2209 | D:3      | Reached skill level 1 in Ice Magic
  2209 | D:3      | Reached skill level 1 in Air Magic
  2209 | D:3      | Reached skill level 1 in Earth Magic
  2209 | D:3      | Reached skill level 1 in Poison Magic
  2312 | D:3      | Noticed Natasha
  2317 | D:3      | Killed Natasha
  2317 | D:3      | Reached XP level 5. HP: 23/43 MP: 5/7
  2397 | D:3      | Noticed Natasha
  2405 | D:3      | Killed Natasha
  3410 | D:4      | Reached XP level 6. HP: 50/50 MP: 8/8
  3511 | D:4      | Noticed a phantom
  3532 | D:4      | Killed a phantom
  3532 | D:4      | Reached skill level 5 in Fighting
  3532 | D:4      | Reached skill level 5 in Throwing
  3725 | D:4      | Noticed Blork the orc
  3733 | D:4      | Killed Blork the orc
  3733 | D:4      | Reached XP level 7. HP: 49/56 MP: 7/10
  3791 | D:4      | Found a deep blue altar of Sif Muna.
  4326 | D:5      | Entered Level 5 of the Dungeon
  4542 | D:5      | Found a staircase to the Ecumenical Temple.
  4587 | D:5      | Reached XP level 8. HP: 63/63 MP: 12/12
  4651 | D:6      | Found a glowing golden altar of the Shining One.
  4674 | D:6      | Identified a scroll of acquirement
  4677 | D:6      | Got a pair of scorched gloves
  4688 | D:6      | Identified the +2 pair of gloves of Creativity {*Contam
                  | Slay+4} (You acquired it on level 6 of the Dungeon)
  4980 | Temple   | Entered the Ecumenical Temple
  5327 | D:5      | Found an opulent altar of Gozag.
  5473 | D:5      | Found a hazy altar of Hepliaklqana.
  5621 | D:6      | Found a snail-covered altar of Cheibriados.
  6005 | Temple   | Became a worshipper of Warmaster Okawaru
  6153 | D:7      | Noticed a hippogriff
  6157 | D:7      | Killed a hippogriff
  6327 | D:7      | Reached * piety under Okawaru
  6499 | D:7      | Reached XP level 9. HP: 69/69 MP: 14/14
  7193 | D:8      | Reached ** piety under Okawaru
  7310 | D:8      | Found an ancient bone altar of Kikubaaqudgha.
  7856 | D:8      | Found a basalt altar of Yredelemnul.
  7867 | D:8      | Reached skill level 5 in Invocations
  7998 | D:8      | Reached *** piety under Okawaru
  8006 | D:8      | Reached XP level 10. HP: 65/76 MP: 17/17
  8529 | D:9      | Found a transporter.
  8618 | D:9      | Reached skill level 5 in Long Blades
  8618 | D:9      | Reached skill level 5 in Axes
  8618 | D:9      | Reached skill level 5 in Maces & Flails
  8618 | D:9      | Reached skill level 5 in Polearms
  8618 | D:9      | Reached skill level 5 in Staves
  8618 | D:9      | Reached skill level 5 in Slings
  8618 | D:9      | Reached skill level 5 in Bows
  8618 | D:9      | Reached skill level 5 in Crossbows
  8618 | D:9      | Reached skill level 5 in Armour
  8618 | D:9      | Reached skill level 5 in Stealth
  8618 | D:9      | Reached skill level 5 in Shields
  8618 | D:9      | Reached skill level 5 in Unarmed Combat
  8618 | D:9      | Reached skill level 5 in Spellcasting
  8618 | D:9      | Reached skill level 5 in Evocations
  8786 | D:10     | Entered Level 10 of the Dungeon
  8798 | D:10     | Noticed a two-headed ogre
  8807 | D:10     | Killed a two-headed ogre
  8807 | D:10     | Reached **** piety under Okawaru
  8807 | D:10     | Received a gift from Okawaru
  8837 | D:10     | Found Egroserph's Book Shop.
  8921 | D:10     | Noticed a tengu warrior
  8928 | D:10     | Noticed a wizard
  8934 | D:10     | Killed a tengu warrior
  8937 | D:10     | Noticed a white ugly thing
  8939 | D:10     | Noticed a tengu warrior
  9131 | D:10     | Noticed a two-headed ogre
  9144 | D:10     | Got a bloodstained dagger
  9232 | D:10     | Reached XP level 11. HP: 83/83 MP: 19/19
  9239 | D:10     | Killed a tengu warrior
  9328 | D:10     | Killed a two-headed ogre
  9328 | D:10     | Received a gift from Okawaru
  9389 | D:10     | Reached ***** piety under Okawaru
  9389 | D:10     | Received a gift from Okawaru
  9389 | D:10     | Reached skill level 5 in Conjurations
  9389 | D:10     | Reached skill level 5 in Hexes
  9389 | D:10     | Reached skill level 5 in Charms
  9389 | D:10     | Reached skill level 5 in Summonings
  9389 | D:10     | Reached skill level 5 in Necromancy
  9389 | D:10     | Reached skill level 5 in Translocations
  9389 | D:10     | Reached skill level 5 in Transmutations
  9389 | D:10     | Reached skill level 5 in Fire Magic
  9389 | D:10     | Reached skill level 5 in Ice Magic
  9389 | D:10     | Reached skill level 5 in Air Magic
  9389 | D:10     | Reached skill level 5 in Earth Magic
  9389 | D:10     | Reached skill level 5 in Poison Magic
  9443 | D:10     | Killed a wizard
  9496 | D:10     | Killed a white ugly thing
  9520 | D:10     | Noticed Nergalle
  9533 | D:10     | Killed Nergalle
  9533 | D:10     | Received a gift from Okawaru
  9731 | D:10     | Found a staircase to the Orcish Mines.
  9949 | D:10     | Identified the +4 dagger of Uncomfortable Rashes {pierce,
                  | rPois Int+2 Dex+5} (You found it on level 10 of the
                  | Dungeon)
  9969 | D:10     | Received a gift from Okawaru
 10405 | D:11     | Learned a level 3 spell: Regeneration
 10604 | D:11     | Noticed a manticore
 10611 | D:11     | Killed a manticore
 10783 | D:11     | Found a staircase to the Lair.
 10811 | D:11     | Noticed a two-headed ogre
 10826 | D:11     | Killed a two-headed ogre
 11039 | D:11     | Reached XP level 12. HP: 91/92 MP: 20/22
 11199 | Lair:1   | Entered Level 1 of the Lair of Beasts
 11449 | Lair:1   | Received a gift from Okawaru
 11982 | Lair:1   | Received a gift from Okawaru
 11982 | Lair:1   | Noticed Gastronok
 11990 | Lair:1   | Killed Gastronok
 11990 | Lair:1   | Received a gift from Okawaru
 12292 | Lair:2   | Found a transporter.
 12362 | Lair:2   | Reached skill level 10 in Short Blades
 12362 | Lair:2   | Reached skill level 10 in Dodging
 12682 | Lair:2   | Received a gift from Okawaru
 12734 | Lair:2   | Found a transporter.
 13171 | Lair:3   | Reached XP level 13. HP: 100/100 MP: 22/24
 13290 | Lair:3   | Learned a level 4 spell: Summon Lightning Spire
 13445 | Lair:3   | Found a staircase to the Snake Pit.
 13463 | Lair:3   | Received a gift from Okawaru
 13599 | Lair:3   | Reached ****** piety under Okawaru
 13758 | Lair:3   | Found a staircase to the Shoals.
 14422 | Lair:4   | Received a gift from Okawaru
 15662 | Lair:5   | Received a gift from Okawaru
 16274 | Lair:5   | Reached XP level 14. HP: 108/108 MP: 26/26
 16736 | Lair:6   | Entered Level 6 of the Lair of Beasts
 16955 | Lair:6   | Found a staircase to the Slime Pits.
 16979 | Lair:6   | Found a viscous altar of Jiyva.
 16982 | Lair:6   | Noticed an acid blob
 16987 | Lair:6   | Noticed an acid blob
 16988 | Lair:6   | Killed an acid blob
 16989 | Lair:6   | Reached skill level 10 in Fighting
 16989 | Lair:6   | Reached skill level 10 in Throwing
 17333 | Lair:6   | Received a gift from Okawaru
 18250 | Lair:6   | Splashed by an acid blob's acid

Vault maps used:
D:1:      minmay_arrival_doors
D:2:      first_ration
D:3:      uniq_natasha
D:4:      kennysheep_slugbush, led_sif_book, minmay_misc_feat_more_columns,
          uniq_blork_the_orc
D:5:      old_standard_altar, marbit_many_paths,
          minmay_temple_entry_from_below_a
D:6:      lemuel_round_altar, lemuel_round_altar
D:7:      kennysheep_generic_room_14
D:8:      kiku_gazebo_garden_becter, lemuel_mausoleum_altar_yredelemnul,
          minivault_23
D:9:      gammafunk_beogh_shrine, nicolae_dithmenos_through_a_glass_darkly,
          david_nohive_1
D:10:     minmay_bloctagon, david_orc_4, serial_shops, shop, uniq_nergalle
D:11:     david_lair_shrubbed
D:12:     serial_shops, shop, shop, shop,
          nicolae_shop_temple_entry_statues_fountains, kennysheep_little_box,
          uniq_nessos
Temple:   jpeg_temple_clearing
Lair:1:   fungi_pond_lemuel, nicolae_quartered_pool_medium, uniq_gastronok
Lair:2:   gammafunk_cloud_chamber
Lair:3:   elwin_shoals_entry_stream, minmay_snake_entry_six_corridors,
          serial_bayou_pond_e, grunt_megastairs_2
Lair:5:   beast_lair_carwin_4
Lair:6:   minmay_lair_end_enchanted_forest, nicolae_slime_entry_slimehenge,
          special_room, hibernation_bobbens, grunt_megastairs_3,
          serial_bayou_shore_b

Skill      XL: |  1  2  3  4  5  6  7  8  9 10 11 12 13 14 |
---------------+-------------------------------------------+-----
Invocations    | 1 2 3 4 5 6 7 8 9 |  9.8
Long Blades    | 1 2 3 4 5 6 7 8 9 |  9.0
Axes           | 1 2 3 4 5 6 7 8 9 |  9.0
Maces & Flails | 1 2 3 4 5 6 7 8 9 |  9.0
Polearms       | 1 2 3 4 5 6 7 8 9 |  9.0
Staves         | 1 2 3 4 5 6 7 8 9 |  9.0
Slings         | 1 2 3 4 5 6 7 8 9 |  9.0
Bows           | 1 2 3 4 5 6 7 8 9 |  9.0
Crossbows      | 1 2 3 4 5 6 7 8 9 |  9.0
Armour         | 1 2 3 4 5 6 7 8 9 |  9.0
Stealth        | 1 2 3 4 5 6 7 8 9 |  9.0
Shields        | 1 2 3 4 5 6 7 8 9 |  9.0
Unarmed Combat | 1 2 3 4 5 6 7 8 9 |  9.0
Spellcasting   | 1 2 3 4 5 6 7 8 9 |  9.0
Evocations     | 1 2 3 4 5 6 7 8 9 |  9.0
Conjurations   | 1 2 3 4 5 6 7 |  7.5
Hexes          | 1 2 3 4 5 6 7 |  7.5
Charms         | 1 2 3 4 5 6 7 |  7.5
Summonings     | 1 2 3 4 5 6 7 |  7.5
Necromancy     | 1 2 3 4 5 6 7 |  7.5
Translocations | 1 2 3 4 5 6 7 |  7.5
Transmutations | 1 2 3 4 5 6 7 |  7.5
Fire Magic     | 1 2 3 4 5 6 7 |  7.5
Ice Magic      | 1 2 3 4 5 6 7 |  7.5
Air Magic      | 1 2 3 4 5 6 7 |  7.5
Earth Magic    | 1 2 3 4 5 6 7 |  7.5
Poison Magic   | 1 2 3 4 5 6 7 |  7.5
Fighting       | 5 6 7 8 9 10 | 10.1
Throwing       | 5 6 7 8 9 10 | 10.1
Short Blades   | 7 8 9 10 11 | 11.0
Dodging        | 7 8 9 10 11 | 11.0

Action                   |  1- 3 |  4- 6 |  7- 9 | 10-12 | 13-15 || total
-------------------------+-------+-------+-------+-------+-------++-------
Melee: Rapier            |    65 |    10 |       |       |       ||    75
       Bite              |     8 |    14 |    16 |    33 |    68 ||   139
       Short sword       |       |    89 |    65 |       |       ||   154
       Lajatang          |       |    15 |    47 |    49 |       ||   111
       Punch             |       |       |     1 |    13 |    44 ||    58
       Dagger            |       |       |       |   177 |   288 ||   465
 Fire: Hunting sling     |       |    39 |   187 |   196 |       ||   422
       Longbow           |       |       |       |   167 |   236 ||   403
Throw: Throwing net      |       |       |     3 |       |       ||     3
 Cast: Regeneration      |       |       |       |     1 |     4 ||     5
       Summon Lightning  |       |       |       |       |    21 ||    21
Invok: Heroism           |       |       |       |    22 |    10 ||    32
       Finesse           |       |       |       |     2 |     3 ||     5
Evoke: Wand              |       |       |     9 |       |       ||     9
  Use: Scroll            |     5 |     6 |     6 |     7 |     4 ||    28
       Potion            |       |     1 |       |       |     1 ||     2
 Stab: Sleeping          |     3 |     1 |     5 |     2 |     1 ||    12
       Distracted        |       |       |     1 |       |     5 ||     6
  Eat: Chunk             |     2 |     7 |    13 |    12 |     9 ||    43
       Ration            |       |       |       |     1 |     3 ||     4
Armor: Leather armour    |    11 |    21 |    23 |    11 |       ||    66
       Quicksilver drago |       |       |       |    26 |    52 ||    78
Dodge: Dodged            |    48 |    72 |    64 |   165 |   142 ||   491
Block: Other             |       |       |     2 |    26 |    41 ||    69
       Reflection        |       |       |       |     1 |       ||     1

Table legend:
 A = Non-vault XP
 B = Vault XP
 C = Vault XP percentage of total XP
 D = Non-vault monster count
 E = Vault monster count
 F = Vault count percentage of total count
                 A         B        C        D         E       F
            +---------+---------+-------+---------+---------+-------
      Total |   44460 |   22546 |  33.6 |     360 |     119 |  24.8
            +---------+---------+-------+---------+---------+-------
        D:1 |      34 |       0 |   0.0 |      12 |       0 |   0.0
        D:2 |      66 |       0 |   0.0 |      19 |       0 |   0.0
        D:3 |     140 |      36 |  20.5 |      19 |       1 |   5.0
        D:4 |     368 |     209 |  36.2 |      19 |      12 |  38.7
        D:5 |     459 |      13 |   2.8 |      21 |       1 |   4.5
        D:6 |     192 |       0 |   0.0 |      13 |       0 |   0.0
        D:7 |    1169 |       2 |   0.2 |      21 |       1 |   4.5
        D:8 |    1269 |    1188 |  48.4 |      22 |      12 |  35.3
        D:9 |    1550 |       0 |   0.0 |      18 |       0 |   0.0
       D:10 |    2261 |    5809 |  72.0 |      29 |      31 |  51.7
       D:11 |    4117 |       0 |   0.0 |      35 |       0 |   0.0
       D:12 |     557 |       0 |   0.0 |       3 |       0 |   0.0
     Lair:1 |    6589 |    2161 |  24.7 |      30 |       1 |   3.2
     Lair:2 |    4186 |       0 |   0.0 |      24 |       0 |   0.0
     Lair:3 |    2537 |    3168 |  55.5 |      11 |      18 |  62.1
     Lair:4 |    6559 |       0 |   0.0 |      29 |       0 |   0.0
     Lair:5 |    8790 |    2467 |  21.9 |      23 |       6 |  20.7
     Lair:6 |    3617 |    7493 |  67.4 |      12 |      36 |  75.0
            +---------+---------+-------+---------+---------+-------
